 Dungeon Crawl Stone Soup version 0.30.0-10-gfe55d96785 (webtiles) character file.

Game seed: 14005660131421003156

1601 Spionbil2 the Ogre Mage (level 8, -2/72 HPs)
             Began as an Ogre Fire Elementalist on May 15, 2023.
             Was a Follower of Cheibriados.
             Slain by a gnoll sergeant
             ... wielding a +0 trident of protection
              (12 damage)
             ... on level 6 of the Dungeon.
             The game lasted 00:35:22 (6754 turns).

Spionbil2 the Ogre Mage (Ogre Fire Elementalist)    Turns: 6754, Time: 00:35:25

Health: -2/72      AC:  3    Str: 26    XL:     8   Next: 94%
Magic:  1/18       EV: 10    Int: 20    God:    Cheibriados [*.....]
Gold:   182        SH:  0    Dex: 11    Spells: 10/20 levels left

rFire   . . .        v - +5 quarterstaff of Badeyj {venom, Str+6}
rCold   . . .        (shield currently unavailable)
rNeg    . . .        a - +0 robe
rPois   .            (helmet restricted)
rElec   .            (no cloak)
rCorr   .            (gloves unavailable)
SInv    .            (boots unavailable)
Will    .....        (no amulet)
Stlth   ++           k - ring of wizardry
HPRegen 0.32/turn    (no ring)
MPRegen 0.16/turn

%: wizardry (x1)
@: about to teleport, very slow
A: large, unfitting armour, tough skin 1, claws 1, strong 1
a: Renounce Religion, Bend Time


You were on level 6 of the Dungeon.
You worshipped Cheibriados.
Cheibriados was aware of your devotion.
You visited 2 branches of the dungeon, and saw 7 of its levels.

You collected 218 gold pieces.
You spent 36 gold pieces at shops.

Inventory:

Hand Weapons
 v - the +5 quarterstaff of Badeyj (weapon) {venom, Str+6}
   (You took it off a goblin on level 3 of the Dungeon)

   Str:       It affects your strength (+6).
Missiles
 t - 2 throwing nets
 u - 4 poisoned darts
Armour
 a - a +0 robe (worn)
Jewellery
 k - a ring of wizardry (left claw)
Wands
 x - a wand of flame (40)
Scrolls
 c - 2 scrolls of magic mapping {unknown}
 h - a scroll of torment {unknown}
 l - 3 scrolls of amnesia
 m - a scroll of identify
 n - 5 scrolls of teleportation
 p - 2 scrolls of noise {unknown}
 q - 2 scrolls of enchant armour
 s - a scroll of poison {unknown}
 y - a scroll of immolation {unknown}
 A - a scroll of fear {unknown}
 B - a scroll of vulnerability {unknown}
Potions
 b - a potion of magic
 d - 2 potions of brilliance
 e - 2 potions of degeneration {unknown}
 f - a potion of mutation
 g - a potion of curing {unknown}
 i - 2 potions of flight {unknown}
 j - 2 potions of lignification {unknown}
 o - a potion of berserk rage {unknown}
 r - a potion of haste {unknown}
 w - a potion of attraction {unknown}
 z - 2 potions of ambrosia {unknown}


   Skills:
 + Level 2.2 Fighting
 - Level 0.2 Short Blades
 * Level 3.7 Staves
 + Level 2.4 Dodging
 + Level 2.5 Stealth
 + Level 6.7 Spellcasting
 * Level 3.9 Conjurations
 * Level 1.5 Translocations
 + Level 5.6 Fire Magic
 * Level 1.3 Invocations


You had 10 spell levels left.
You knew the following spells:

 Your Spells              Type           Power      Damage    Failure   Level
a - Foxfire               Conj/Fire      100%       2x1d9     1%          1
b - Scorch                Fire           58%        2d7       1%          2
c - Flame Wave            Conj/Fire      25%        2d8       6%          4
d - Teleport Other        Tloc           12%        N/A       6%          3

Your spell library contained the following spells:

 Spells                   Type           Power      Damage    Failure   Level
 Volatile Blastmotes      Fire/Tloc      42%        2d13      2%          3
 Lesser Beckoning         Tloc           24%        N/A       3%          2
 Inner Flame              Hex/Fire       18%        N/A       3%          3
 Gell's Gravitas          Tloc           12%        N/A       6%          3
 Portal Projectile        Hex/Tloc       18%        N/A       9%          3
 Tukima's Dance           Hex            6%         N/A       12%         3
 Blade Hands              Tmut           3%         N/A       69%         5
 Dispersal                Tloc           6%         N/A       95%         6


Dungeon Overview and Level Annotations

Branches:
Dungeon (6/15)             Temple (1/1) D:4

Altars:
Cheibriados
Dithmenos
Elyvilon
Gozag
Kikubaaqudgha
Makhleb
Okawaru
Ru
Uskayaw
Wu Jian
Zin
The Shining One

Shops:
D:3 *   D:4 *   D:5 !***

Annotations:
D:4 2 runed translucent doors, dertzug's ghost, amateur HOGl


Innate Abilities, Weirdness & Mutations

You are too large for most types of armour.
You have tough skin. (AC +1)
You have sharp fingernails.
Your muscles are strong. (Str +4, Int/Dex -1)


Message History

Restarting spell: Flame Wave (dangerous; 5% risk of failure)
Press: ? - help, Q - select action, (/) - cycle Dir - look around, f - activate A wave of flame ripples out!
The flame wave engulfs the gnoll.
The gnoll is heavily wounded.
The flame wave engulfs the gnoll!
The gnoll is severely wounded. (Press . to intensify the flame waves.)
The gnoll barely misses you. x2
The gnoll sergeant hits you from afar with a +0 trident of protection!
You barely miss the gnoll.
The gnoll is severely wounded.
The gnoll hits you with a +0 club. x2; The gnoll sergeant closely misses you.
Unknown command.
You barely miss the gnoll.
The gnoll is severely wounded.
The gnoll hits you with a +0 club.
The gnoll sergeant hits you from afar with a +0 trident of protection.
The gnoll hits you with a +0 club.
You closely miss the gnoll.
The gnoll is severely wounded.
The gnoll hits you with a +0 club!
The gnoll sergeant hits you from afar with a +0 trident of protection!
The gnoll misses you.
As you read the scroll of teleportation, it crumbles to dust.
You feel strangely unstable. The gnoll barely misses you.
The gnoll hits you with a +0 club. The gnoll sergeant barely misses you.
You hit the gnoll.
The gnoll is poisoned.
The gnoll is almost dead.
The gnoll barely misses you.
The gnoll sergeant hits you from afar with a +0 trident of protection!
* * * LOW HITPOINT WARNING * * *
The gnoll hits you with a +0 club.
* * * LOW HITPOINT WARNING * * *
It was a potion of mutation.
You feel extremely strange.
You feel stronger.
Your fingernails lengthen.
The gnoll sergeant is no longer more vulnerable to fire.
You kill the gnoll!
Cheibriados appreciates the change of pace.
The gnoll sergeant hits you from afar with a +0 trident of protection!
You die...

.#.. #....# ..
.....#####....# #...
.#............######....
>#......##.>..##........
......#>......##.......
.....####.....##.....#
..#..........<.......#
....####......#...g..#.#
.......#..####..@g...)..
.#####...........)..##.#
.# ####....###....##
.#.... ..............
......#.............#.
##....#..##.........< #
###....# ...........
#####..................
.......... ..


You could see a gnoll sergeant and a gnoll.

Vanquished Creatures
  Prince Ribbit (D:6)
  A wyvern (D:6)
  Eustachio (D:5)
  An ice beast (D:5)
  2 ogres
  A centaur (D:5)
  2 phantoms (D:5)
  A scorpion (D:6)
  A hound (D:6)
  A jelly (D:6)
  An orc priest (D:4)
  2 sleepcaps
  Ijyb (D:4)
  4 iguanas
  2 orc wizards
  Robin (D:2)
  10 gnolls
  4 adders
  A white imp (D:5)
  2 ufetubi
  A worm (D:1)
  2 dart slugs
  8 orcs
  7 ball pythons
  5 bats
  4 endoplasms
  16 goblins
  8 hobgoblins
  5 jackals
  6 kobolds
  5 quokkas
  4 frilled lizards
  5 rats (D:2)
116 creatures vanquished.

Vanquished Creatures (others)
  A worm (D:4)
  168 foxfires
169 creatures vanquished.

Grand Total: 285 creatures vanquished

Notes
Turn   | Place    | Note
-------+----------+-------------------------------------------
     0 | D:1      | Spionbil2 the Ogre Fire Elementalist began the quest for
                  | the Orb.
     0 | D:1      | Reached XP level 1. HP: 16/16 MP: 3/3
   327 | D:1      | Reached XP level 2. HP: 24/24 MP: 2/5
   335 | D:1      | Reached skill level 3 in Spellcasting
   669 | D:1      | Learned a level 2 spell: Scorch
  1061 | D:1      | Found a faded altar of an unknown god.
  1227 | D:2      | Reached XP level 3. HP: 31/31 MP: 0/7
  1374 | D:2      | Noticed Robin
  1811 | D:2      | Reached skill level 1 in Conjurations
  1899 | D:1      | Reached XP level 4. HP: 16/39 MP: 0/9
  2073 | D:2      | Killed Robin
  2245 | D:2      | Reached XP level 5. HP: 46/46 MP: 0/10
  2663 | D:2      | Reached skill level 4 in Spellcasting
  2948 | D:3      | Found a sacrificial altar of Ru.
  3004 | D:3      | Identified the +5 quarterstaff of Badeyj {venom, Str+6}
  3175 | D:3      | Found Coulez's General Store.
  3192 | D:3      | Bought a scroll of teleportation for 36 gold pieces
  3503 | D:4      | Noticed an ogre
  3768 | D:4      | Found a runed translucent door.
  3772 | D:4      | Noticed dertzug's ghost (amateur HOGl)
  3828 | D:4      | Killed an ogre
  3829 | D:4      | Reached skill level 1 in Staves
  3829 | D:4      | Reached XP level 6. HP: 54/54 MP: 4/13
  3938 | D:4      | Noticed Ijyb
  3944 | D:4      | Killed Ijyb
  4167 | D:4      | Found a staircase to the Ecumenical Temple.
  4176 | Temple   | Entered the Ecumenical Temple
  4437 | Temple   | Became a worshipper of Cheibriados the Contemplative
  4523 | D:4      | Learned a level 4 spell: Flame Wave
  4727 | D:4      | Found a runed translucent door.
  4859 | D:4      | Found Xaijoeck's Assorted Antiques.
  5045 | D:5      | Entered Level 5 of the Dungeon
  5050 | D:5      | Reached skill level 5 in Spellcasting
  5117 | D:5      | Reached XP level 7. HP: 61/61 MP: 7/14
  5264 | D:5      | Identified the +5 whip "Hydra's Doom" {speed, rF- rCorr
                  | Str+2}
  5287 | D:5      | Found Daxien's Assorted Antiques.
  5291 | D:5      | Found Supaun's General Store.
  5316 | D:5      | Reached skill level 1 in Fighting
  5607 | D:5      | Found a glowing golden altar of the Shining One.
  5607 | D:5      | Found a glowing silver altar of Zin.
  5687 | D:5      | Found Baiso's Distillery.
  5739 | D:5      | Found Medaz's Assorted Antiques.
  5801 | D:5      | Reached * piety under Cheibriados
  5897 | D:5      | Found a shadowy altar of Dithmenos.
  5902 | D:5      | Reached skill level 6 in Spellcasting
  5902 | D:5      | Reached XP level 8. HP: 69/72 MP: 9/17
  5973 | D:5      | Found a white marble altar of Elyvilon.
  5973 | D:5      | Noticed Eustachio
  5979 | D:5      | Learned a level 3 spell: Teleport Other
  5984 | D:5      | Killed Eustachio
  6227 | D:6      | Reached skill level 5 in Fire Magic
  6311 | D:6      | Noticed Prince Ribbit
  6318 | D:6      | Killed Prince Ribbit
  6422 | D:6      | Reached skill level 1 in Translocations
  6551 | D:6      | Noticed a wyvern
  6558 | D:6      | Killed a wyvern
  6559 | D:6      | Reached skill level 1 in Invocations
  6754 | D:6      | Gained mutation: Your muscles are strong. (Str +4, Int/Dex
                  | -1) [potion of mutation]
  6754 | D:6      | Gained mutation: You have sharp fingernails. [potion of
                  | mutation]
  6754 | D:6      | Slain by a gnoll sergeant

Illustrated notes

Levels and vault maps discovered:
D:1:      matt_arrival_diagonals, layout_basic,
          dreamdust_ecumenical_altar_hidden_monk_grotto,
          chequers_serial_rivers_micro_c, dreamdust_princess_corridor,
          minivault_11, minmay_surrounded
D:2:      layout_basic, uniq_robin
D:3:      layout_basic, mainiacjoe_overflow_six_doors_small, serial_shops, shop
D:4:      layout_loops_ring, lemuel_temple_firewalk_a, serial_shops, shop,
          ebering_ghost_sewer_f, uniq_ijyb
D:5:      layout_rooms, dreamdust_divine_triumvirate, grunt_dithmenos_shadows,
          serial_shops, shop, shop, shop, nicolae_take_the_stairs,
          uniq_eustachio
D:6:      layout_rooms, minitemple, chequers_avenue, grunt_decor_junction,
          doesnt_shop_hydraphobe, uniq_maggie, uniq_prince_ribbit1
Temple:   nicolae_temple_superstar

Skill      XL: |  1  2  3  4  5  6  7  8 |
---------------+-------------------------+-----
Spellcasting   | 3 4 5 6 |  6.7
Fire Magic     | 3 4 5 |  5.6
Dodging        | 2 |  2.4
Stealth        | 2 |  2.5
Conjurations   | 1 2 3 |  3.9
Staves         | 1 2 3 |  3.7
Fighting       | 2 |  2.2
Translocations | 1 |  1.5
Invocations    | 1 |  1.3
Short Blades   | |  0.2

Action                     |  1- 3 |  4- 6 |  7- 9 || total
---------------------------+-------+-------+-------++-------
  Melee: Unarmed           |    10 |       |       ||    10
         Short sword       |    60 |     2 |       ||    62
         Dagger            |    12 |       |       ||    12
         Punch             |     2 |       |       ||     2
         Quarterstaff      |       |    19 |    21 ||    40
   Cast: Foxfire           |    12 |    41 |    45 ||    98
         Scorch            |    36 |    38 |    40 ||   114
         Flame Wave        |       |       |     4 ||     4
    Use: Scroll            |       |       |     4 ||     4
         Potion            |       |       |     1 ||     1
   Stab: Sleeping          |     3 |     1 |     1 ||     5
 Armour: Robe              |    38 |     7 |     1 ||    46
  Dodge: Dodged            |    58 |    20 |    13 ||    91
